 Dungeon Crawl Stone Soup version 0.18-a0-1196-g09327cf (webtiles) character file.

630 Arkorax the Insei (level 7, -2/62 HPs)
             Began as a White Draconian Monk on Jan 30, 2016.
             Slain by a centaur (3 damage)
             ... on level 5 of the Dungeon.
             The game lasted 00:04:00 (3962 turns).

Arkorax the Insei (White Draconian Monk)            Turns: 3962, Time: 00:04:01

Health: -2/62      AC:  7    Str: 14    XL:     7   Next: 24%
Magic:  7/7        EV: 13    Int: 15    God:
Gold:   227        SH:  0    Dex: 18    Spells: 0 memorised, 6 levels left

rFire  . . .     SeeInvis .     s - +0 blowgun
rCold  + . .     Gourm    .     (armour unavailable)
rNeg   . . .     Faith    .     (no shield)
rPois  .         Spirit   .     (helmet restricted)
rElec  .         Dismiss  .     (no cloak)
rCorr  .         Reflect  .     D - +0 pair of gloves {Dex+3}
SustAt .         Harm     .     (no boots)
MR     .....                    (no amulet)
Stlth  ++........               (no ring)
                                (no ring)

@: brilliant, lethally poisoned (-2 -> -11), short of breath, flying, not
resistant to hostile enchantments, unstealthy
A: breathe frost, unfitting armour, cold resistance 1, cold-blooded, AC +6
a: Breathe Frost


You were on level 5 of the Dungeon.
You were hungry.

You visited 1 branch of the dungeon, and saw 5 of its levels.

You collected 227 gold pieces.

Inventory:

Hand Weapons
 q - a cursed -1 scythe
 s - a +0 blowgun (weapon)
Missiles
 t - 17 poisoned needles (quivered)
Armour
 w - a +0 shield
 D - a +0 pair of gloves of dexterity (worn)
Scrolls
 b - a scroll of recharging {unknown}
 d - a scroll of remove curse {unknown}
 g - 3 scrolls of random uselessness {unknown}
 j - 2 scrolls of noise
 l - a scroll of fog
 o - a scroll of amnesia
 x - 3 scrolls of identify
 y - a scroll of magic mapping {unknown}
 z - a scroll of teleportation {unknown}
Potions
 e - a potion of ambrosia {unknown}
 f - a potion of heal wounds {unknown}
 i - 2 potions of brilliance
 k - a potion of cure mutation {unknown}
 p - 3 potions of haste
 B - 2 potions of might
Books
 C - a book of Annihilations

   Spells                             Type                      Level
   a - Poison Arrow                   Conjuration/Poison           6
   b - Chain Lightning                Conjuration/Air              8
   c - Lehudib's Crystal Spear        Conjuration/Earth            8
   d - Glaciate                       Conjuration/Ice              9
   e - Fire Storm                     Conjuration/Fire             9
Comestibles
 c - 3 beef jerkies
 h - 2 meat rations
 m - 2 fruits
 n - 2 bread rations
 A - a royal jelly


   Skills:
 + Level 5.9 Fighting
 - Level 2.6 Dodging
 - Level 1.7 Stealth
 * Level 7.6 Unarmed Combat


You had 6 spell levels left.
You didn't know any spells.

Dungeon Overview and Level Annotations

Branches:
Dungeon (5/15)
 Temple: D:4-7

Altars:
Dithmenos
Elyvilon
Gozag
Kikubaaqudgha
Makhleb
Okawaru
Trog
Vehumet
Yredelemnul
The Shining One

Annotations:
D:5 Grinder


Innate Abilities, Weirdness & Mutations

You can breathe waves of freezing cold.
You can buffet flying creatures when you breathe cold.
Your icy white scales are hard (AC +6).
Your body does not fit into most forms of armour.
Your flesh is cold resistant.
You are cold-blooded and may be slowed by cold attacks.


Message History

Drink which item? (? for menu, Esc to quit)
It was a potion of brilliance.
You feel clever all of a sudden. Grinder closely misses you.
The centaur barely misses you.
Drink which item? (? for menu, Esc to quit)
It was a potion of poison.
That liquid tasted very nasty...
You are lethally poisoned!
* * * LOW HITPOINT WARNING * * *
You feel sick. The centaur closely misses you. Grinder misses you.
The centaur hits you but does no damage.
Drink which item? (? for menu, Esc to quit)
It was a potion of flight.
You feel very buoyant.
You fly up into the air.
* * * LOW HITPOINT WARNING * * *
You feel sick.
Grinder gestures.
Grinder blinks!
The centaur hits you.
You die...

...<........... .
.(...(........ ...# .
.##.. .........####..##.
......#.....#...........
......#...........#..##.
......#...........#..##.
........###...........#.
..#...c§# #...........#.
#....@###...........#.
####............##..#.
#..5...##...####...
#......'....+......
#......##...#####..
##+########## .....
...... ....... .......


You could see Grinder and a centaur.

Vanquished Creatures
  Sigmund (D:2)
  A necrophage (D:5)
  A crimson imp (D:5)
  2 hounds (D:4)
  2 orc wizards (D:4)
  2 iguanas (D:4)
  2 worker ants (D:4)
  3 adders
  4 gnolls (D:4)
  An ooze (D:3)
  An adder skeleton (D:4)
  A worm (D:2)
  3 giant geckos
  7 orcs
  7 bats
  2 bat zombies (D:2)
  2 giant cockroaches
  10 goblins
  2 hobgoblins (D:3)
  4 jackals (D:3)
  5 kobolds
  A giant gecko skeleton (D:4)
  3 giant newts
  8 rats
  2 rat zombies (D:2)
  A spectral orc (D:3)
78 creatures vanquished.

Notes
Turn   | Place    | Note
--------------------------------------------------------------
     0 | D:1      | Arkorax the Draconian Monk began the quest for the Orb.
     0 | D:1      | Reached XP level 1. HP: 19/19 MP: 1/1
   171 | D:1      | Reached XP level 2. HP: 15/26 MP: 2/2
   920 | D:2      | Found an ancient bone altar of Kikubaaqudgha.
   959 | D:2      | Found a faded altar to an unknown god.
  1093 | D:2      | Reached XP level 3. HP: 11/33 MP: 3/3
  1591 | D:2      | Noticed Sigmund
  1609 | D:2      | Killed Sigmund
  1609 | D:2      | Reached skill level 5 in Unarmed Combat
  1609 | D:2      | Reached XP level 4. HP: 33/41 MP: 4/4
  1609 | D:2      | Reached XP level 5. HP: 37/47 MP: 5/5
  1704 | D:3      | Reached skill level 6 in Unarmed Combat
  2086 | D:3      | Found a radiant altar of Vehumet.
  2253 | D:3      | Found a basalt altar of Yredelemnul.
  2277 | D:3      | Found a bloodstained altar of Trog.
  2379 | D:3      | Found a white marble altar of Elyvilon.
  2692 | D:3      | Found a glowing golden altar of the Shining One.
  2780 | D:4      | Reached skill level 5 in Fighting
  2866 | D:4      | Reached XP level 6. HP: 39/56 MP: 6/6
  2867 | D:4      | Got a shimmering chain mail
  2871 | D:4      | Identified the cursed +0 chain mail of Responsibility {rElec} (You found it on level 4 of the Dungeon)
  3480 | D:4      | Found a burning altar of Makhleb.
  3552 | D:4      | Reached skill level 7 in Unarmed Combat
  3806 | D:5      | Entered Level 5 of the Dungeon
  3812 | D:5      | Found an opulent altar of Gozag.
  3813 | D:5      | Found an iron altar of Okawaru.
  3843 | D:5      | Reached XP level 7. HP: 53/62 MP: 7/7
  3843 | D:5      | Your scales start taking on an icy white colour.
  3843 | D:5      | Gained mutation: Your flesh is cold resistant. [White Draconian growth]
  3846 | D:5      | Found a shadowy altar of Dithmenos.
  3934 | D:5      | Noticed Grinder
  3953 | D:5      | Paralysed by Grinder for 6 turns
  3958 | D:5      | HP: 2/62 [centaur (3)]
  3962 | D:5      | Slain by a centaur

Vault maps used:
D:1:      dpeg_arrival_leaves_temple_mockup
D:2:      lemuel_zombie_altar_kikubaaqudgha, ecumenical_altar_1, uniq_sigmund
D:3:      lemuel_doored_altar, lemuel_coloured_pillars_altar, bloody_trog,
          yredelemnul_forgotten_temple_becter, overflow_temple_1_default
D:4:      makhleb_blood_cavern_becter, first_bread
D:5:      nicolae_dithmenos_shadow_blocks, nicolae_overflow_hidden_temple,
          st_stairs_6, uniq_grinder

Action                   |  1- 3 |  4- 6 |  7- 9 || total
-------------------------+-------+-------+-------++-------
Melee: Unarmed           |    95 |   171 |     7 ||   273
 Fire: Blowgun           |       |    12 |    12 ||    24
 Abil: Breathe Frost     |       |       |     1 ||     1
  Use: Potion            |     3 |       |     4 ||     7
       Scroll            |       |     5 |       ||     5
 Stab: Sleeping          |     1 |     6 |       ||     7
  Eat: Meat ration       |     1 |       |       ||     1
       Bread ration      |       |     1 |       ||     1
